 Dungeon Crawl Stone Soup version 0.29-a0-557-g43b9904bd1 (webtiles) character file.

Game seed: 2853576758694620282

53 Miritol the Bolt Thrower (level 3, -1/21 HPs)
             Began as a Tengu Hunter on June 8, 2022.
             Killed from afar by Sigmund (6 damage)
             ... with a puff of flame
             ... on level 2 of the Dungeon.
             The game lasted 00:03:14 (1767 turns).

Miritol the Bolt Thrower (Tengu Hunter)             Turns: 1767, Time: 00:03:15

Health: -1/21      AC:  3    Str: 11    XL:     3   Next: 87%
Magic:  4/4        EV: 13    Int:  9    God:
Gold:   108        SH:  0    Dex: 19    Spells: 2/2 levels left

rFire   . . .      SeeInvis .   b - +0 flail
rCold   . . .      Faith    .   (no shield)
rNeg    . . .      Spirit   .   i - +0 leather armour
rPois   .          Reflect  .   (helmet restricted)
rElec   .          Harm     .   (no cloak)
rCorr   .          Rampage  .   (no gloves)
Will    .....                   (boots unavailable)
Stlth   ++........              (no amulet)
HPRegen 0.07/turn               (no ring)
MPRegen 0.09/turn               (no ring)

@: no status effects
A: beak, talons 3
a: no special abilities


You were on level 2 of the Dungeon.
You visited 1 branch of the dungeon, and saw 2 of its levels.

You collected 108 gold pieces.

Inventory:

Hand Weapons
 a - a +1 hand crossbow
 b - a +0 flail (weapon)
Missiles
 m - 2 poisoned darts
Armour
 i - a +0 leather armour (worn)
Scrolls
 c - a scroll of immolation
 d - 3 scrolls of identify {unknown}
 g - 2 scrolls of summoning {unknown}
 h - 5 scrolls of vulnerability {unknown}
 k - a scroll of torment {unknown}
 l - a scroll of poison {unknown}
 n - a scroll of noise {unknown}
 o - a scroll of fear {unknown}
 p - a scroll of magic mapping {unknown}
 q - a scroll of teleportation {unknown}
 r - 2 scrolls of silence {unknown}
Potions
 e - 5 potions of curing {unknown}
 f - a potion of might {unknown}
 j - 2 potions of attraction {unknown}


   Skills:
 - Level 2.0 Fighting
 + Level 5.2 Crossbows
 + Level 3.5 Dodging
 - Level 1.0 Stealth


You had 2 spell levels left.
You didn't know any spells.
Your spell library contained the following spells:

 Spells                   Type           Power      Damage    Failure   Level
 Beastly Appendage        Tmut           0%         N/A       47%         1
 Summon Small Mammal      Summ           0%         N/A       47%         1
 Wereblood                Tmut           0%         N/A       63%         2
 Call Canine Familiar     Summ           0%         N/A       85%         3
 Spider Form              Tmut/Pois      0%         N/A       85%         3
 Summon Guardian Golem    Hex/Summ       0%         N/A       85%         3
 Alistair's Intoxication  Tmut/Pois      0%         N/A       100%        5
 Borgnjor's Vile Clutch   Necr/Erth      0%         N/A       100%        5
 Eringya's Noxious Bog    Tmut/Pois      0%         N/A       100%        6


Dungeon Overview and Level Annotations

Branches:
Dungeon (2/15)

Altars:

Annotations:
D:2 Sigmund


Innate Abilities, Weirdness & Mutations

You have a beak for a mouth.
You have claws for feet.


Message History

You shoot a bolt. The bolt closely misses the kobold.
You shoot a bolt. The bolt barely misses the kobold.
You shoot a bolt. The bolt hits the kobold.
You kill the kobold!
No target in view!
You open the door.
There is an open door here.
You see here an adder skeleton.
Sigmund the Dreaded comes into view.
He is wielding a +0 scythe and wearing a +2 robe of cold resistance.
You shoot a bolt. The bolt hits Sigmund!
Sigmund is moderately wounded.
You shoot a bolt. The bolt hits Sigmund.
Sigmund is moderately wounded.
Sigmund flickers, as though insubstantial.
Sigmund casts a spell at you.
You are confused.
You shoot a bolt. You shoot a bolt.
b - a +0 flail (weapon)
Sigmund hits you from afar with a +0 scythe!
Ouch! That really hurt!
You bump into the rock wall.
You bump into the rock wall.
Sigmund points at you and mumbles some strange words.
You resist with significant effort.
You feel less confused. Sigmund gestures at you while chanting.
You resist with significant effort.
Sigmund mumbles some strange words.
Sigmund flickers and vanishes!
Deactivating autopickup; reactivate with Ctrl-A.
You see here an adder skeleton.
A magic dart appears from out of thin air!
The magic dart hits you.
* * * LOW HITPOINT WARNING * * *
Sigmund appears from thin air!
Reactivating autopickup.
Sigmund gestures at you while chanting. The puff of flame hits you.
You die...

.........# #.#..........##...
........### #.#.............##
..........######..)#............#
.................#...............
.......)...........#............#
........########.#...#########..#
.......))..........#...#######..#
################.#...)..........#
...######## #..@..#....#######.#
..........# #.#.#..............#
..........# #.....#....#.#######
..........# #...#......#.# #
..........# #.....#.##.#.# .
..........# #.###...##.#.#######
..........# #@# ######+#........
..........####.#######...##.....#
###............##........##.....#


You could see Sigmund.

Vanquished Creatures
  2 adders (D:2)
  3 orcs (D:2)
  2 ball pythons (D:1)
  4 endoplasms
  A giant cockroach (D:2)
  4 goblins (D:2)
  A hobgoblin (D:2)
  3 kobolds
  A quokka (D:1)
  3 bats
  2 frilled lizards (D:1)
  2 rats (D:2)
  A bush (D:1)
29 creatures vanquished.

Vanquished Creatures (others)
  4 plants (D:1)
4 creatures vanquished.

Grand Total: 33 creatures vanquished

Notes
Turn   | Place    | Note
-------+----------+-------------------------------------------
     0 | D:1      | Miritol the Tengu Hunter began the quest for the Orb.
     0 | D:1      | Reached XP level 1. HP: 12/12 MP: 2/2
   571 | D:1      | Reached XP level 2. HP: 17/17 MP: 3/3
  1145 | D:2      | Reached XP level 3. HP: 21/21 MP: 4/4
  1184 | D:2      | Reached skill level 5 in Crossbows
  1734 | D:2      | Noticed Sigmund
  1767 | D:2      | Killed from afar by Sigmund

Illustrated notes

Levels and vault maps discovered:
D:1:      minmay_arrival_four_houses, layout_rooms, serial_forest,
          infiniplex_forest_split, infiniplex_forest_clump_small,
          infiniplex_forest_clump_diagonal, infiniplex_forest_fountain,
          infiniplex_forest_clump_tiny
D:2:      layout_basic, minmay_misc_feat_pillars, grunt_ministairs_8,
          dreamdust_princess_bridge, uniq_sigmund

Skill      XL: |  1  2  3 |
---------------+----------+-----
Dodging        | 3 |  3.5
Crossbows      | 5 |  5.2
Fighting       | |  2.0
Stealth        | |  1.0

Action                   || total
-------------------------++-------
Melee: Short sword       ||   124
       Kick              ||    64
       Peck              ||    35
       Punch             ||     6
       Flail             ||     1
 Fire: Hand crossbow     ||    60
Armor: Leather armour    ||     7
Dodge: Dodged            ||    21

Table legend: (Time is in decaauts)
 A = Elapsed time spent in this place.
 B = Non-inter-level travel time spent in this place.
 C = Inter-level travel time spent in this place.
 D = Time resting spent in this place.
 E = Time spent auto-exploring this place.
 F = Levels seen in this place.
 G = Mean time per level.
                   A        B        C        D        E       F      G
               +--------+--------+--------+--------+--------+-----+--------+
         Total |   1791 |   1760 |     31 |    166 |   1239 |   2 |  895.5 |
       Dungeon |   1791 |   1760 |     31 |    166 |   1239 |   2 |  895.5 |
               +--------+--------+--------+--------+--------+-----+--------+

Top non-repeatable levels by time:
     D:1: 979 daAuts
     D:2: 811 daAuts
